 Dungeon Crawl Stone Soup version 0.22.1-2-g9c5b331 (webtiles) character file.

588437 dvd the Peltast (level 26, -11/198 HPs)
             Began as a Demonspawn Abyssal Knight on Dec 15, 2018.
             Was the Champion of Lugonu.
             Killed from afar by a green draconian stormcaller (42 damage)
             ... on level 1 of the Realm of Zot on Dec 20, 2018.
             The game lasted 06:48:41 (81179 turns).

dvd the Peltast (Demonspawn Abyssal Knight)        Turns: 81179, Time: 06:48:43

Health: -11/198    AC: 26    Str: 26    XL:     26   Next: 14%
Magic:  37/39      EV: 24    Int: 20    God:    Lugonu [******]
Gold:   3582       SH: 36    Dex: 23    Spells: 28/49 levels left

rFire    + + .     SeeInvis +   w - +9 hand axe of Reapportionment {speed, Fragile rF+ rN++ Int+3}
rCold    + . .     Gourm    .   m - +8 large shield {AC+3}
rNeg     + + .     Faith    .   R - +7 plate armour {MR+}
rPois    +         Spirit   .   (helmet unavailable)
rElec    +         Reflect  +   l - scarf {cloud immunity}
rCorr    .         Harm     .   (gloves unavailable)
MR       ++++.                  (boots unavailable)
Stlth    ..........             e - +3 amulet of reflection
HPRegen  0.43/turn              y - ring of Brawling {MR+ Int+3 SInv}
MPRegen  0.26/turn              Q - ring "Veqyij" {rC+ MR+ Str+6 Stlth-}

@: mighty, agile, very slightly contaminated
A: claws 3, horns 3, talons 3, see invisible, demonic guardian 3, dopey 1, fire
resistance 1, hurl damnation, poison resistance, powered by pain 2, electricity
resistance, weak 1, flame cloud immunity
}: 3/15 runes: serpentine, barnacled, silver
a: Hurl Damnation, Depart the Abyss, Bend Space, Banish, Corrupt, Enter the
Abyss, Renounce Religion


You were on level 1 of the Realm of Zot.
You worshipped Lugonu.
Lugonu was exalted by your worship.
You were not hungry.

You visited 11 branches of the dungeon, and saw 49 of its levels.
You visited the Abyss 2 times.
You visited 1 bazaar.
You also visited: Sewer, Ossuary, Bailey, Volcano and Wizlab.

You collected 9024 gold pieces.
You spent 5442 gold pieces at shops.

Inventory:

Hand Weapons
 a - a +3 broad axe of electrocution
 b - a +6 broad axe of distortion
 w - the +9 hand axe of Reapportionment (weapon) {speed, Fragile rF+ rN++ Int+3}
   (You took it off a deep elf high priest on level 3 of the Elven Halls)

   Attacks with this weapon are significantly faster.
   It affects your intelligence (+3).
   It protects you from fire.
   It greatly protects you from negative energy.
   It will be destroyed if unequipped.
Missiles
 f - 7 javelins of returning (quivered)
 q - 7 steel javelins
 D - 16 javelins of penetration
 K - 12 tomahawks of returning
 V - 42 javelins
Armour
 c - the +1 scale mail "Tufacaakeda" {+Inv rF- rCorr Dex+6}
   (You bought it in a shop on level 2 of the Orcish Mines)

   It affects your dexterity (+6).
   It makes you vulnerable to fire.
   It lets you turn invisible.
   It provides partial protection from all sources of acid and corrosion.
 j - a +0 cloak of magic resistance
 l - a scarf of cloud immunity (worn)
 m - a +8 large shield of protection (worn)
 R - a +7 plate armour of magic resistance (worn)
Jewellery
 e - a +3 amulet of reflection (around neck)
 y - the ring of Brawling (left claw) {MR+ Int+3 SInv}
   (You bought it in a shop on level 2 of the Orcish Mines)

   [ring of protection from magic]

   It affects your intelligence (+3).
   It affects your resistance to hostile enchantments.
   It lets you see invisible.
 z - an uncursed ring of resist corrosion
 E - the amulet "Oshrikk" {Inacc rPois Int+4 Dex+5}
   (You found it on level 2 of the Depths)

   [amulet of inaccuracy]

   It reduces the accuracy of all your attacks.
   It affects your intelligence (+4).
   It affects your dexterity (+5).
   It protects you from poison.
 G - an uncursed amulet of regeneration
 Q - the ring "Veqyij" (right claw) {rC+ MR+ Str+6 Stlth-}
   (You took it off a deep elf sorcerer on level 3 of the Elven Halls)

   [ring of protection from magic]

   It affects your strength (+6).
   It protects you from cold.
   It affects your resistance to hostile enchantments.
   It makes you less stealthy.
Wands
 n - a wand of iceblast (79)
 r - a wand of acid (10)
 s - a wand of digging (37)
 H - a wand of clouds (4)
 J - a wand of scattershot (8)
 L - a wand of disintegration (59)
 P - a wand of flame (102)
 U - a wand of random effects (30)
 W - a wand of paralysis (13)
Scrolls
 g - 36 scrolls of remove curse
 i - 17 scrolls of teleportation
 o - a scroll of summoning
 u - 16 scrolls of identify
 C - 8 scrolls of fear
 F - 10 scrolls of blinking
 S - 4 scrolls of fog
 Y - 3 scrolls of magic mapping
Potions
 d - 3 potions of mutation
 k - 2 potions of invisibility
 p - 15 potions of curing
 t - a potion of cancellation
 v - 4 potions of flight
 x - 2 potions of agility
 B - 6 potions of resistance
 I - 7 potions of brilliance
 N - 4 potions of magic
 O - 5 potions of might
 T - 4 potions of heal wounds
 X - 6 potions of haste
 Z - 2 potions of ambrosia
Comestibles
 M - 84 rations


   Skills:
 + Level 14.3 Fighting
 + Level 16.3(17.1) Axes
   Level 4.5(11.8) Maces & Flails
   Level 7.9(13.2) Polearms
 + Level 10.0 Throwing
 * Level 14.3 Armour
 * Level 16.2 Dodging
 + Level 6.1 Stealth
 * Level 20.7 Shields
 * Level 12.3 Spellcasting
 + Level 1.8 Conjurations
 + Level 9.5 Charms
 * Level 2.7 Summonings
 + Level 12.1 Necromancy
 + Level 6.7 Translocations
 + Level 1.0 Air Magic
 + Level 14.0 Invocations
 + Level 6.3 Evocations


You had 28 spell levels left.
You knew the following spells:

 Your Spells              Type           Power        Failure   Level  Hunger
a - Shock                 Conj/Air       ###.         36%         1    None
b - Blink                 Tloc           N/A          6%          2    None
c - Regeneration          Chrm/Necr      ######....   2%          3    None
d - Song of Slaying       Chrm           ######..     1%          2    None
e - Shroud of Golubria    Chrm/Tloc      #####.....   3%          2    None
f - Animate Dead          Necr           N/A          4%          4    #......
g - Apportation           Tloc           #####.       4%          1    None
h - Lesser Beckoning      Tloc           #####.....   13%         3    None
i - Recall                Summ/Tloc      N/A          28%         3    None

Your spell library contained the following spells:

 Spells                   Type           Power        Failure   Level  Hunger
 Animate Skeleton         Necr           N/A          1%          1    None
 Infusion                 Chrm           ####         1%          1    None
 Pain                     Necr           ####         1%          1    None
 Corpse Rot               Necr           N/A          1%          2    None
 Vampiric Draining        Necr           ######....   1%          3    None
 Swiftness                Chrm/Air       ####....     12%         2    None
 Summon Butterflies       Summ           ###.....     22%         1    None
 Summon Small Mammal      Summ           ###.         22%         1    None
 Ozocubu's Armour         Chrm/Ice       ####....     28%         3    None
 Spectral Weapon          Hex/Chrm       ####....     28%         3    None
 Magic Dart               Conj           ###.         32%         1    None
 Call Imp                 Summ           ###.....     32%         2    None
 Passage of Golubria      Tloc           N/A          38%         4    #......
 Flame Tongue             Conj/Fire      ###..        43%         1    None
 Sting                    Conj/Pois      ###.         43%         1    None
 Searing Ray              Conj           ###...       43%         2    None
 Portal Projectile        Hex/Tloc       ####..       45%         3    None
 Beastly Appendage        Tmut           ##....       54%         1    None
 Corona                   Hex            ##.....      54%         1    None
 Freeze                   Ice            ##..         54%         1    None
 Sandblast                Erth           ##....       54%         1    None
 Call Canine Familiar     Summ           ###.....     54%         3    None
 Throw Flame              Conj/Fire      ###...       56%         2    None
 Throw Frost              Conj/Ice       ###...       56%         2    None
 Death Channel            Necr           ######....   56%         6    ######.
 Poisonous Vapours        Pois/Air       ##....       63%         2    None
 Ensorcelled Hibernation  Hex/Ice        ##....       69%         2    None
 Passwall                 Tmut/Erth      ##......     69%         2    None
 Slow                     Hex            ##......     69%         2    None
 Sticks to Snakes         Tmut           ##......     69%         2    None
 Static Discharge         Conj/Air       ###.....     73%         3    None
 Summon Guardian Golem    Hex/Summ       ###.....     75%         3    None
 Force Lance              Conj/Tloc      ####....     75%         4    #......
 Conjure Flame            Conj/Fire      ###.....     80%         3    None
 Dazzling Spray           Conj/Hex       ###...       80%         3    None
 Mephitic Cloud           Conj/Pois/Air  ###.....     80%         3    None
 Stone Arrow              Conj/Erth      ###...       80%         3    None
 Borgnjor's Vile Clutch   Necr/Erth      #####.....   83%         5    ####...
 Confuse                  Hex            ##......     89%         3    None
 Ignite Poison            Fire/Tmut/Pois ##......     89%         3    None
 Inner Flame              Hex/Fire       ##......     89%         3    None
 Spider Form              Tmut/Pois      ##........   89%         3    None
 Tukima's Dance           Hex            ##......     89%         3    None
 Iskenderun's Mystic Bla  Conj           ###.....     97%         4    #......
 Summon Lightning Spire   Summ/Air       ###.....     97%         4    #......
 Summon Ice Beast         Ice/Summ       ###.....     98%         4    #......
 Fulminant Prism          Conj/Hex       ###.......   99%         4    #......
 Sticky Flame             Conj/Fire      ###.....     99%         4    #......
 Throw Icicle             Conj/Ice       ###.....     99%         4    #......
 Ice Form                 Ice/Tmut       ##......     100%        4    #......
 Olgreb's Toxic Radiance  Pois           ##......     100%        4    #......
 Petrify                  Tmut/Erth      ##......     100%        4    #......
 Alistair's Intoxication  Tmut/Pois      ##......     100%        5    ####...
 Blade Hands              Tmut           ##........   100%        5    ####...
 Bolt of Magma            Conj/Fire/Erth ##........   100%        5    ####...
 Fireball                 Conj/Fire      ###.......   100%        5    ####...
 Lee's Rapid Deconstruct  Erth           ##........   100%        5    ####...
 Lightning Bolt           Conj/Air       ###.......   100%        5    ####...
 Metabolic Englaciation   Hex/Ice        ##........   100%        5    ####...
 Summon Mana Viper        Hex/Summ       ###.....     100%        5    ####...
 Venom Bolt               Conj/Pois      ###.......   100%        5    ####...
 Bolt of Cold             Conj/Ice       ###.......   100%        6    ######.
 Bolt of Fire             Conj/Fire      ###.......   100%        6    ######.
 Darkness                 Hex            ##........   100%        6    ######.
 Deflect Missiles         Chrm/Air       ####......   100%        6    ######.
 Freezing Cloud           Conj/Ice/Air   ###.......   100%        6    ######.
 Hydra Form               Tmut           ##........   100%        6    ######.
 Invisibility             Hex            ##......     100%        6    ######.
 Ozocubu's Refrigeration  Ice            ##........   100%        6    ######.
 Simulacrum               Ice/Necr       #####.....   100%        6    ######.
 Statue Form              Tmut/Erth      ##.......    100%        6    ######.
 Malign Gateway           Summ/Tloc      ####......   100%        7    #######
 Ring of Flames           Chrm/Fire      ####......   100%        7    #######
 Summon Hydra             Summ           ###.......   100%        7    #######
 Ignition                 Fire           ##........   100%        8    #######
 Dragon's Call            Summ           ###.......   100%        9    #######
 Shatter                  Erth           ##........   100%        9    #######
 Tornado                  Air            ###.......   100%        9    #######


Dungeon Overview and Level Annotations

Branches:
Dungeon (15/15)            Temple (1/1) D:5            Lair (6/6) D:8
 Shoals (4/4) Lair:4        Snake (4/4) Lair:3        Slime (0/5) Lair:6
    Orc (2/2) D:9             Elf (3/3) Orc:2        Vaults (5/5) D:14
  Crypt (3/3) Vaults:2       Tomb (0/3) Crypt:3      Depths (5/5) D:15
    Zot (1/5) Depths:5

Altars:
Ashenzari
Cheibriados
Dithmenos
Elyvilon
Fedhas
Gozag
Hepliaklqana
Kikubaaqudgha
Makhleb
Nemelex Xobeh
Okawaru
Qazlal
Ru
Sif Muna
Trog
Uskayaw
Vehumet
Wu Jian
Xom
Yredelemnul
Zin
The Shining One
Jiyva

Shops:
D:9 [   D:15 (   Orc:2 =(*[   Elf:1 *   Elf:2 !}=}   Shoals:1 [[   Snake:1 [(
Vaults:3 :   Vaults:4 (*   Depths:1 !

Portals:
Hell: Depths:1 Depths:2 Depths:3 Depths:4 Depths:5
Abyss: Depths:2 Depths:4
Pandemonium: Depths:3
Ziggurat: Depths:4

Annotations:
Snake:4 corrupted
Elf:2 corrupted
Vaults:3 Mennas
Vaults:4 corrupted
Vaults:5 corrupted
Abyss:1 Erolcha, Saint Roka


Innate Abilities, Weirdness & Mutations

You have claws for hands.
You have a pair of large horns on your head.
You have claws for feet.
A powerful demonic guardian rushes to your aid.
Your flesh is heat resistant. (rF+)
You can hurl damnation.
You sometimes gain power by taking damage.
You are immune to clouds of flame.
You have supernaturally acute eyesight. (SInv)
You are dopey. (Int -2)
Your system is resistant to poisons. (rPois)
You are resistant to electric shocks. (rElec)
You are weak. (Str -2)


Message History

You barely miss the tentacled monstrosity.
You block the quicksilver dragon's attack. x2
You hear a distant "Zot"!
Unknown command.
Casting: Regeneration (safe; 2% risk of failure)
Confirm with . or Enter, or press ? or * to list all spells.
You escape the tentacled monstrosity's grasp.
You blink.
A purple draconian stormcaller comes into view.
It is wielding a long sword.
The purple draconian stormcaller roars! 7 draconians and a tentacled monstrosity come into view.
A red draconian is wielding a mace of distortion.
You hear a deafening roar!
The quicksilver dragon rages.
A quicksilver dragon comes into view.
A black draconian comes into view. It is wielding a broad axe.
A white draconian comes into view. It is wielding a trident.
The green draconian stormcaller mumbles some strange prayers to Qazlal against The blast of ice hits you!
You partially resist.
You die...

#..........$...
#......./......#
#.....2........
#......X§......##
#.######........#
#. ###D.....# #.
#......# #.
#(.....##
#.@....#
#.....d.#
#.......#
#.........
#.......q*
##.....dqD
#.....ddX
#.....dqd


You could see an orb of fire (wandering), a tentacled monstrosity, a black
draconian (wandering), a green draconian, 2 draconians, 2 draconians, a black
draconian shifter, 2 quicksilver dragons, 2 draconians and a friendly
lorocyproca (invisible).

Vanquished Creatures
  An ancient lich (Depths:2)
  Khufu (Vaults:2)
  4 greater mummies
  A caustic shrike (Depths:2)
  Xtahua (Crypt:1)
  3 golden dragons (Depths:2)
  The ghost of RoboWizard the Shatterer, an adept MiFi of Okawaru (Vaults:3)
  Jory (Vaults:3)
  A profane servitor (Crypt:3)
  5 liches
  2 tentacled monstrosities (Depths:2)
  The ghost of Tat Loefany the Warrior, an adept MiBe of Trog (Vaults:4)
  The ghost of Tat Loefany the Warrior, an adept MiBe of Trog (Vaults:3)
  A deep elf blademaster (Elf:3)
  A quicksilver dragon (Vaults:4)
  2 titans (Vaults:5)
  2 sphinxes
  3 death cobs (Zot:1)
  5 tengu reavers
  3 shadow dragons
  5 storm dragons
  12 fire giants
  7 nagarajas
  A revenant (Crypt:3)
  The ghost of Gearfox the Bludgeoner, a journeyman MiBe of Trog (Elf:1)
  The ghost of Gearfox the Bludgeoner, a journeyman MiBe of Trog (Elf:1)
  7 frost giants
  8 deep elf sorcerers
  14 vault wardens
  A curse skull (Vaults:2)
  An orc warlord (Bailey)
  A balrug (WizLab)
  A draconian scorcher (Depths:5)
  10 ghouls
  14 ironheart preservers
  2 deep elf elementalists
  20 stone giants
  2 caustic shrike skeletons (Depths:2)
  2 entropy weavers
  The ghost of RoboWizard the Severer, a journeyman HOFi of Okawaru (Elf:1)
  12 very ugly things
  9 deep elf demonologists
  A spriggan defender (Depths:2)
  A green draconian (Zot:1)
  5 black draconians
  2 grey draconians (Depths:5)
  5 vampire knights
  9 deep elf annihilators
  4 spark wasps
  2 yellow draconians
  4 lorocyprocas
  2 red draconians (Depths:5)
  A white draconian (Zot:1)
  Snorg (Orc:2)
  A purple draconian (Zot:1)
  An eidolon (Crypt:1)
  10 ettins
  3 merfolk javelineers
  2 merfolk impalers
  2 mummy priests (Crypt:3)
  3 crystal guardians
  8 fire dragons
  2 green deaths (WizLab)
  18 jiangshi
  14 deep elf death magi
  7 great orbs of eyes
  7 yaktaur captains
  6 deep elf high priests
  3 hydras
  3 hell beasts
  27 vault guards
  7 naga warriors
  3 spriggan air magi
  5 rakshasas
  11 ice dragons
  5 catoblepae
  8 centaur warriors
  10 anacondas
  35 two-headed ogres
  A merfolk avatar (Shoals:1)
  8 death knights
  4 merfolk aquamancers (Shoals:4)
  2 death yaks (Depths:4)
  18 ogre magi
  20 dancing weapons
  4 deep troll shamans
  A titan zombie (Crypt:1)
  3 deep troll earth magi (Depths:2)
  2 spriggan berserkers
  3 vampire magi
  7 naga sharpshooters
  4 tengu warriors
  7 shock serpents
  3 sun demons
  5 soul eaters
  27 deep elf knights
  27 skeletal warriors
  2 hell knights
  4 shadow wraiths
  A sixfirhy (WizLab)
  9 unseen horrors
  13 sea snakes
  5 salamander mystics
  3 unseen horrors (shapeshifter)
  2 iron trolls (Depths:1)
  20 deep trolls
  A fire crab (shapeshifter) (Elf:1)
  7 wizards
  9 glowing orange brains
  5 flayed ghosts
  4 naga ritualists
  A harpy (shapeshifter) (Vaults:5)
  14 ironbrand convokers
  A shadow dragon zombie (Crypt:2)
  14 orc knights
  16 deep elf archers
  13 mana vipers
  2 iron giant skeletons
  An orange crystal statue (Elf:3)
  A wolf spider zombie (D:14)
  4 orc sorcerers
  3 wolf spiders
  11 harpies
  Pikel (D:6)
  5 lindwurms
  12 necromancers
  A frost giant zombie (Crypt:1)
  5 phantasmal warriors
  38 ugly things
  2 oklob plants
  2 moths of wrath (Zot:1)
  60 deep elf magi
  12 cyclopes
  A shining eye (shapeshifter) (Depths:2)
  12 manticores
  10 fauns
  12 salamanders
  10 naga magi
  10 elephants
  A black mamba (shapeshifter) (Depths:5)
  A stone giant skeleton (Vaults:2)
  21 vault sentinels
  6 water nymphs
  26 black mambas
  3 guardian serpents
  A guardian serpent (shapeshifter) (Vaults:5)
  2 rust devils (Depths:3)
  A smoke demon (WizLab)
  6 merfolk sirens
  An orange demon (Depths:3)
  A gargoyle (D:10)
  5 torpor snails (Lair:6)
  2 molten gargoyles (Volcano)
  2 spiny frogs (shapeshifter)
  6 spiny frogs
  3 spectral swamp worms (Depths:4)
  6 rime drakes
  A swamp worm zombie (Crypt:2)
  2 komodo dragons
  24 yaktaurs
  A hellion (WizLab)
  A tormentor (WizLab)
  2 guardian mummies (Crypt:3)
  2 ice devils
  3 red devils
  A yellow draconian skeleton (Crypt:1)
  A hellwing (WizLab)
  7 freezing wraiths
  2 tengu conjurers
  10 trolls
  3 meliai (shapeshifter)
  A meliai (D:9)
  A wind drake (shapeshifter) (Depths:1)
  The ghost of ThisFiasco the Poker, an amateur DrBe of Trog (D:6)
  11 merfolk
  2 hydra skeletons (Crypt:1)
  3 wind drakes
  3 polar bears
  A slime creature (shapeshifter) (Depths:3)
  13 blink frogs
  3 tyrant leeches (Lair:6)
  7 hippogriffs
  11 hornets
  A bog body (Crypt:2)
  57 slime creatures
  2 dream sheep (Shoals:1)
  A harpy skeleton (Crypt:1)
  A fire giant simulacrum (Vaults:3)
  A meliai zombie (D:14)
  5 snapping turtles
  63 flying skulls
  4 shadows
  7 wyverns
  An air elemental (Elf:3)
  A satyr skeleton (Crypt:1)
  3 spriggans
  A wind drake zombie (Crypt:1)
  4 fire elementals
  6 basilisks
  20 yaks
  2 fire bats (Volcano)
  10 small abominations
  Eustachio (D:6)
  2 hogs (D:15)
  A hog (shapeshifter) (D:13)
  A yak (shapeshifter) (Vaults:3)
  A black mamba skeleton (Crypt:1)
  14 water elementals
  A steam dragon (D:10)
  A chaos spawn (WizLab)
  An emperor scorpion simulacrum (Crypt:3)
  4 wraiths
  A wind drake skeleton (Crypt:1)
  5 neqoxecs
  6 wargs
  A vampire mosquito (D:14)
  7 large abominations
  A swamp worm (shapeshifter) (Vaults:4)
  3 soldier ants (D:14)
  An orb spider zombie (Crypt:1)
  2 soldier ants (shapeshifter)
  23 nagas
  11 water moccasins
  12 porcupines
  3 acid dragons (Depths:5)
  A snapping turtle zombie (Crypt:1)
  54 orc warriors
  A slave (D:5)
  3 ice beasts
  4 sky beasts
  2 spiny frog skeletons
  2 ettin simulacra
  A black bear (D:11)
  7 necrophages
  A boggart (shapeshifter) (Depths:2)
  2 eyes of draining
  40 ogres
  6 wolves (Lair:3)
  An orc skeleton (Vaults:2)
  A phantom (D:6)
  A human skeleton (Vaults:2)
  A boggart (Depths:2)
  A hog zombie (Crypt:2)
  20 centaurs
  13 crocodiles
  2 snapping turtle skeletons
  A big kobold (D:9)
  22 bullfrogs
  A glowing shapeshifter simulacrum (Vaults:2)
  An earth elemental (Elf:3)
  2 wyvern skeletons
  3 scorpions
  2 human simulacra (Vaults:2)
  5 killer bees (D:10)
  A yak skeleton (Crypt:1)
  6 howler monkeys
  14 wights
  2 electric eels (Lair:5)
  4 bullfrog zombies
  4 human zombies
  5 centaur zombies
  7 crimson imps
  7 lava snakes (Volcano)
  3 quasits
  3 centaur skeletons
  3 jellies
  7 hounds
  13 orc priests
  3 bullfrog skeletons
  A worker ant (shapeshifter) (Depths:2)
  5 iguanas
  19 orc wizards
  5 worker ants
  A deep dwarf zombie (Crypt:2)
  3 big kobold zombies (Ossuary)
  A centaur simulacrum (Crypt:3)
  A demigod skeleton (Crypt:2)
  A hound skeleton (D:11)
  3 mummies (Ossuary)
  17 gnolls
  11 adders
  4 river rats (Sewer)
  2 shadow imps
  A white imp (Depths:5)
  An ooze (D:3)
  An adder skeleton (Crypt:1)
  5 worms
  A dart slug (D:3)
  11 leopard geckos
  108 orcs
  15 bats
  11 giant cockroaches
  27 goblins
  17 hobgoblins
  20 jackals
  5 quokkas
  2 ball pythons (Sewer)
  17 frilled lizards
  2 giant cockroach zombies
  A gnoll zombie (Ossuary)
  A hobgoblin zombie (Ossuary)
  12 kobolds
  2 leopard gecko skeletons
  2 orc zombies (Ossuary)
  12 rats
  6 crawling corpses
  7 fungi
  25 plants
  A withered plant (D:15)
2089 creatures vanquished.

Vanquished Creatures (collateral kills)
  A juggernaut (Depths:2)
  2 golden dragons
  A bone dragon (Crypt:3)
  2 liches
  A deep elf blademaster (Elf:2)
  2 titans
  A quicksilver dragon (Depths:4)
  An ancient champion (Crypt:3)
  A storm dragon (Depths:5)
  Ilsuiw (Shoals:3)
  Kirke (D:15)
  2 tengu reavers
  Roxanne (Shoals:3)
  A fire giant (D:15)
  3 deep elf sorcerers
  An iron dragon (Depths:2)
  3 frost giants
  2 vault wardens
  2 deep elf elementalists
  A ghoul (Crypt:2)
  A juggernaut zombie (Depths:2)
  A draconian scorcher (Zot:1)
  The ghost of PeterLawrence the Basher, a journeyman MiFi of Okawaru (Orc:2)
  6 stone giants
  5 very ugly things
  4 ironheart preservers
  A green draconian (Zot:1)
  A black draconian (Zot:1)
  A white draconian (Zot:1)
  A spark wasp (Depths:2)
  A deep elf demonologist (Vaults:4)
  3 deep elf annihilators
  The ghost of RoboWizard the Slinger, a journeyman HaHu of Okawaru (D:13)
  4 ettins
  A merfolk javelineer (Shoals:3)
  3 merfolk impalers
  A fire dragon (Depths:4)
  2 yaktaur captains
  3 deep elf high priests
  An ice dragon (Depths:4)
  A catoblepas (Shoals:3)
  A naga warrior (Snake:2)
  12 vault guards
  A hydra (D:10)
  A rakshasa (Depths:2)
  A centaur warrior (Depths:2)
  2 spriggan air magi
  A merfolk avatar (Shoals:3)
  5 ogre magi
  7 two-headed ogres
  A death yak (Depths:4)
  A deep troll shaman (Depths:4)
  2 hell knights (Depths:3)
  2 iron trolls
  A shadow wraith (Crypt:3)
  4 slime creatures
  8 skeletal warriors
  8 deep trolls
  A naga ritualist (Snake:1)
  A golden dragon skeleton (Crypt:3)
  A wizard (Vaults:2)
  2 deep elf archers
  An ironbrand convoker (Vaults:4)
  A glowing orange brain (shapeshifter) (Vaults:2)
  3 orc knights (Orc:2)
  2 phantasmal warriors
  7 harpies
  5 deep elf magi
  A faun (Shoals:2)
  8 ugly things
  An oklob plant (Lair:1)
  2 salamanders
  An elephant (Lair:6)
  An orc sorcerer (Orc:2)
  A fire giant skeleton (Vaults:2)
  A black mamba (Snake:1)
  2 merfolk sirens
  A manticore (Shoals:4)
  A guardian serpent (Snake:4)
  A water nymph (Shoals:4)
  A vault sentinel (Vaults:5)
  A torpor snail (Lair:5)
  A naga mage (Snake:4)
  3 spiny frogs
  A centaur skeleton (D:10)
  A hellion (WizLab)
  2 spectral swamp worms (Depths:4)
  2 rime drakes (Lair:5)
  An ice devil (Depths:3)
  2 guardian mummies (Crypt:3)
  A freezing wraith (Crypt:3)
  A hellwing (WizLab)
  A tyrant leech (Lair:6)
  6 merfolk
  A wind drake (shapeshifter) (Depths:2)
  2 wind drakes (Shoals:4)
  A snapping turtle (Shoals:3)
  3 blink frogs
  A wandering mushroom (Lair:3)
  A dream sheep (shapeshifter) (Vaults:5)
  3 hippogriffs
  A flying skull (Crypt:1)
  A wraith (Crypt:3)
  Sigmund (D:6)
  A shadow (Crypt:2)
  A basilisk (Lair:4)
  3 yaks
  A neqoxec (D:13)
  A naga (Snake:2)
  2 wargs
  13 orc warriors
  A porcupine (Lair:1)
  A wolf (Lair:3)
  2 ogres
  2 centaurs
  2 bullfrogs
  A wight (Crypt:1)
  A crimson imp (D:14)
  A quasit (D:13)
  A hound (D:14)
  An orc wizard (Vaults:4)
  An iguana (D:14)
  A worker ant (D:14)
  A worker ant zombie (D:8)
  4 orcs
  A goblin (Bailey)
  3 crawling corpses (Elf:3)
  2 plants
263 creatures vanquished.

Vanquished Creatures (others)
  Sojobo (Vaults:4)
  A deep elf master archer (Elf:3)
  Asterion (Snake:3)
  2 tengu reavers (Vaults:4)
  A nagaraja (Snake:4)
  An orc warlord (Orc:2)
  A deep elf elementalist (Elf:3)
  An ironheart preserver (Vaults:5)
  3 stone giants
  A lorocyproca (WizLab)
  A black sun (WizLab)
  An ettin (Vaults:4)
  2 fire dragons
  3 merfolk javelineers (Shoals:4)
  3 yaktaur captains
  3 merfolk impalers (Shoals:4)
  An ice dragon (Vaults:4)
  4 naga warriors
  4 anacondas
  4 centaur warriors (Depths:2)
  2 ogre magi (Vaults:4)
  2 dancing weapons (Elf:2)
  A merfolk aquamancer (Shoals:4)
  A satyr (Shoals:1)
  3 two-headed ogres (Vaults:4)
  A deep troll shaman (Vaults:4)
  A tengu warrior (D:15)
  7 naga sharpshooters
  3 deep elf knights (Elf:2)
  A sea snake (Shoals:2)
  4 deep trolls (Vaults:4)
  An obsidian statue (Vaults:4)
  A naga ritualist (Snake:1)
  An orc knight (Vaults:4)
  A harpy (Shoals:1)
  5 deep elf archers
  A phantasmal warrior (Vaults:5)
  An ironbrand convoker (Vaults:4)
  13 deep elf magi
  2 oklob plants (Lair:1)
  A mana viper (Snake:4)
  A faun (Shoals:1)
  4 cyclopes
  A slime creature (Depths:2)
  3 ugly things
  2 manticores (Shoals:4)
  5 naga magi
  2 merfolk sirens (Shoals:4)
  A vault sentinel (Vaults:4)
  A guardian serpent (Snake:4)
  5 black mambas
  A rust devil (WizLab)
  A smoke demon (WizLab)
  A freezing wraith (Vaults:4)
  A tormentor (WizLab)
  4 yaktaurs
  3 guardian mummies (Crypt:3)
  A komodo dragon (Lair:3)
  A hellwing (WizLab)
  A merfolk (Shoals:2)
  2 meliai (D:9)
  A troll (D:9)
  A hornet (Lair:3)
  A ynoxinul (WizLab)
  2 snapping turtles
  A water elemental (Elf:2)
  A basilisk (Lair:1)
  2 fire elementals
  4 neqoxecs
  A naga (Snake:4)
  A soldier ant (shapeshifter) (Elf:3)
  An acid dragon (D:14)
  3 orc warriors
  A slave (D:6)
  A boggart (Depths:2)
  An ogre (Vaults:4)
  6 centaurs
  An orc priest (D:6)
  A jelly (D:6)
  An orc wizard (D:7)
  A worker ant (D:6)
  An adder (D:6)
  An adder skeleton (D:6)
  3 orcs
  A quokka (D:6)
  A crawling corpse (Elf:3)
  7 fungi (Orc:2)
  14 plants
  15 starspawn tentacles
  10 toadstools (Lair:5)
  7 withered plants
225 creatures vanquished.

Grand Total: 2577 creatures vanquished

Notes
Turn   | Place    | Note
-------+----------+-------------------------------------------
     0 | Abyss:1  | dvd the Demonspawn Abyssal Knight began the quest for the
                  | Orb.
     0 | Abyss:1  | Reached XP level 1. HP: 18/18 MP: 2/2
    36 | Abyss:1  | Noticed a tentacled starspawn
    37 | D:1      | Escaped the Abyss
   317 | D:1      | Reached skill level 1 in Dodging
   417 | D:1      | Gained mutation: You have sharp toenails. [demonic
                  | ancestry]
   417 | D:1      | Reached XP level 2. HP: 23/24 MP: 3/3
   567 | D:1      | Reached * piety under Lugonu
  1134 | D:1      | Reached XP level 3. HP: 29/29 MP: 4/4
  1997 | D:2      | Gained mutation: You have a pair of small horns on your
                  | head. [demonic ancestry]
  1997 | D:2      | Reached XP level 4. HP: 33/36 MP: 5/5
  2200 | D:2      | Found a glowing silver altar of Zin.
  2332 | D:2      | Reached ** piety under Lugonu
  2995 | D:3      | Gained mutation: You have razor-sharp toenails. [demonic
                  | ancestry]
  2995 | D:3      | Reached XP level 5. HP: 40/42 MP: 6/6
  3156 | D:4      | Reached skill level 1 in Stealth
  3508 | D:4      | Noticed a necrophage
  3524 | D:4      | Noticed an ogre
  3537 | D:3      | Killed a necrophage
  3537 | D:3      | Reached XP level 6. HP: 33/46 MP: 7/7
  4502 | D:4      | Gained mutation: You have sharp fingernails. [demonic
                  | ancestry]
  4502 | D:4      | Reached XP level 7. HP: 52/52 MP: 8/8
  4613 | D:4      | Reached *** piety under Lugonu
  4697 | D:4      | Reached skill level 1 in Polearms
  5092 | D:5      | Entered Level 5 of the Dungeon
  5143 | D:5      | Found a staircase to the Ecumenical Temple.
  5260 | D:5      | Found a sand-covered staircase.
  5268 | Ossuary  | Entered an ossuary
  5576 | D:5      | Reached skill level 5 in Axes
  5657 | D:5      | Found a glowing drain.
  5662 | Sewer    | Entered a sewer
  6370 | D:5      | Reached XP level 8. HP: 52/61 MP: 10/10
  6382 | D:5      | Reached **** piety under Lugonu
  6945 | D:5      | Found a shimmering altar of Xom.
  7245 | Temple   | Entered the Ecumenical Temple
  7370 | D:6      | Noticed Pikel
  7379 | D:6      | Killed Pikel
  7379 | D:6      | Reached skill level 5 in Fighting
  7379 | D:6      | Reached skill level 5 in Invocations
  7563 | D:6      | Reached skill level 5 in Armour
  7583 | D:6      | Gained mutation: A weak demonic guardian rushes to your
                  | aid. [demonic ancestry]
  7583 | D:6      | Reached XP level 9. HP: 46/68 MP: 13/13
  8031 | D:6      | Found a sacrificial altar of Ru.
  8051 | D:6      | Reached skill level 5 in Polearms
  8063 | D:6      | Noticed Sigmund
  8075 | D:6      | Killed Sigmund
  8172 | D:6      | Found a large runed door.
  8173 | D:6      | Found a large runed door.
  8180 | D:6      | Noticed ThisFiasco's ghost (amateur DrBe)
  8486 | D:6      | Noticed Eustachio
  8497 | D:6      | Killed Eustachio
  8879 | D:7      | Identified a scroll of acquirement
  9239 | D:7      | Found a deep blue altar of Sif Muna.
  9280 | D:7      | Identified Sif Muna's Guide on Combat Magic
  9375 | D:8      | Found a staircase to the Lair.
  9394 | D:8      | Reached ***** piety under Lugonu
  9395 | D:8      | Reached skill level 1 in Maces & Flails
  9957 | D:8      | Noticed a two-headed ogre
  9979 | D:8      | Killed a two-headed ogre
  9979 | D:8      | Reached XP level 10. HP: 63/76 MP: 15/15
 10295 | D:8      | Found a basalt altar of Yredelemnul.
 10295 | D:8      | Found a blossoming altar of Fedhas.
 10830 | D:9      | Learned a level 1 spell: Shock
 10833 | D:9      | Learned a level 2 spell: Blink
 10980 | D:9      | Identified the Tome of Companions
 11256 | D:9      | Reached skill level 1 in Conjurations
 11493 | D:9      | Found a staircase to the Orcish Mines.
 11691 | D:9      | Found Cenu's Armour Boutique.
 11717 | D:9      | Bought the cursed +1 chain mail of Demons {rF+ Slay+3} for
                  | 364 gold pieces
 11768 | D:9      | Gained mutation: You have very sharp fingernails. [potion
                  | of mutation]
 11768 | D:9      | Gained mutation: Your muscles are strong. (Str +2) [potion
                  | of mutation]
 12047 | D:9      | Found an iron altar of Okawaru.
 12086 | D:9      | Noticed Erolcha
 12391 | D:9      | Paralysed by something for 5 turns
 12400 | D:9      | Banished Erolcha
 12548 | D:10     | Entered Level 10 of the Dungeon
 12913 | D:10     | Reached XP level 11. HP: 75/83 MP: 17/17
 13198 | D:10     | Noticed a four-headed hydra
 13361 | Lair:1   | Entered Level 1 of the Lair of Beasts
 13731 | Lair:1   | Reached skill level 5 in Dodging
 14430 | Lair:1   | Reached skill level 1 in Shields
 14829 | Lair:1   | Noticed an oklob plant
 15224 | Lair:1   | Killed an oklob plant
 15235 | Lair:1   | Noticed an oklob plant
 15237 | Lair:1   | Banished an oklob plant
 15237 | Lair:1   | Reached skill level 2 in Shields
 15241 | Lair:1   | Noticed an oklob plant
 15283 | Lair:1   | Killed an oklob plant
 15295 | Lair:1   | Noticed an oklob plant
 15420 | D:9      | Bought a +1 large shield of protection for 181 gold pieces
 15565 | Lair:1   | Banished an oklob plant
 15922 | Lair:2   | Noticed a four-headed hydra
 15930 | Lair:2   | Killed a four-headed hydra
 16877 | Lair:3   | Gained mutation: A demonic guardian rushes to your aid.
                  | [demonic ancestry]
 16877 | Lair:3   | Reached XP level 12. HP: 91/91 MP: 10/18
 16918 | Lair:3   | Reached skill level 3 in Shields
 16977 | Lair:3   | Found a dark tunnel.
 16988 | Volcano  | Entered a volcano
 17218 | Volcano  | Found a burning altar of Makhleb.
 17235 | Volcano  | Reached skill level 4 in Shields
 17818 | Lair:3   | Found a staircase to the Snake Pit.
 18476 | Lair:3   | Reached skill level 5 in Shields
 19086 | Lair:4   | Found a staircase to the Shoals.
 20105 | Lair:5   | Noticed a catoblepas
 20114 | Lair:5   | Killed a catoblepas
 20199 | Lair:5   | Reached skill level 6 in Shields
 20239 | Lair:5   | Mutation became permanent: You have sharp fingernails.
                  | [demonic ancestry]
 20239 | Lair:5   | Gained mutation: You have very sharp fingernails. [demonic
                  | ancestry]
 20239 | Lair:5   | Reached XP level 13. HP: 75/98 MP: 20/20
 20817 | Lair:5   | Found a runed door.
 21053 | Lair:5   | Reached skill level 7 in Shields
 21483 | Lair:6   | Entered Level 6 of the Lair of Beasts
 21806 | Lair:6   | Found a viscous altar of Jiyva.
 21806 | Lair:6   | Found a staircase to the Slime Pits.
 22301 | Lair:6   | Found a runed door.
 22492 | Lair:6   | Reached skill level 8 in Shields
 22696 | Lair:6   | Reached skill level 10 in Armour
 23053 | D:6      | Killed ThisFiasco's ghost
 24892 | Orc:1    | Entered Level 1 of the Orcish Mines
 25042 | Orc:2    | Entered Level 2 of the Orcish Mines
 25042 | Orc:2    | Noticed Snorg
 25050 | Orc:2    | Killed Snorg
 25218 | Orc:2    | Found Esaocex's Jewellery Shoppe.
 25222 | Orc:2    | Reached XP level 14. HP: 89/106 MP: 21/21
 25226 | Orc:2    | Paralysed by an orc sorcerer for 2 turns
 25652 | Orc:2    | Reached ****** piety under Lugonu
 25653 | Orc:2    | Reached skill level 9 in Shields
 25718 | Orc:2    | Bought the ring of Brawling {MR+ Int+3 SInv} for 510 gold
                  | pieces
 25739 | Orc:2    | Paralysed by an orc sorcerer for 4 turns
 25747 | Orc:2    | Found Hathrad's Antique Weapon Shoppe.
 25834 | Orc:2    | Found Ifoa's Antique Armour Boutique.
 25842 | Orc:2    | Reached skill level 10 in Axes
 26180 | Orc:2    | Noticed an orc warlord
 26182 | Orc:2    | Banished an orc warlord
 26301 | Orc:2    | Found a staircase to the Elven Halls.
 26342 | Orc:2    | Found Faej's General Store.
 26398 | Orc:2    | Found a runed gate.
 26398 | Orc:2    | Found a runed gate.
 26398 | Orc:2    | Found a runed gate.
 26401 | Orc:2    | Noticed PeterLawrence's ghost (journeyman MiFi)
 26645 | Orc:2    | Killed PeterLawrence's ghost
 26846 | Orc:2    | Bought an ancient scale mail for 261 gold pieces
 26856 | Orc:2    | Identified the +1 scale mail "Tufacaakeda" {+Inv rF- rCorr
                  | Dex+6} (You bought it in a shop on level 2 of the Orcish
                  | Mines)
 26896 | Orc:2    | Bought a smoking hand axe for 208 gold pieces
 26896 | Orc:2    | Identified the +4 hand axe "Imy Cubb" {speed, rF+ Str+3
                  | Dex+2} (You bought it in a shop on level 2 of the Orcish
                  | Mines)
 27220 | D:12     | Found a flagged portal.
 27231 | Bailey   | Entered a bailey
 27541 | Bailey   | Noticed an orc warlord
 27555 | Bailey   | Killed an orc warlord
 27589 | Bailey   | Found the +5 robe of Night {Dark MR+ SInv}
 27620 | Bailey   | Reached skill level 1 in Throwing
 27620 | Bailey   | Reached skill level 1 in Spellcasting
 27620 | Bailey   | Reached skill level 1 in Air Magic
 27620 | Bailey   | Reached skill level 1 in Evocations
 27620 | Bailey   | Gained mutation: You sometimes gain a little power by
                  | taking damage. [demonic ancestry]
 27620 | Bailey   | Reached XP level 15. HP: 113/113 MP: 22/22
 27638 | Bailey   | Got a pair of translucent boots
 27649 | Bailey   | Identified the +0 pair of boots of Fius {+Fly rPois rCorr
                  | Slay-5} (You acquired it in a bailey)
 28216 | Orc:2    | Identified a +2 broad axe of distortion (a +0 broad axe
                  | corrupted by Lugonu)
 28216 | Orc:2    | Received a gift from Lugonu
 28388 | D:13     | Found a transporter.
 28391 | D:13     | Noticed RoboWizard's ghost (journeyman HaHu)
 28412 | D:13     | Found a transporter.
 28650 | D:13     | You fall through a shaft for 2 floors!
 28650 | D:15     | Entered Level 15 of the Dungeon
 28650 | D:15     | Found a staircase to the Depths.
 28650 | D:15     | Noticed a fire giant
 28868 | D:14     | Reached skill level 10 in Shields
 28869 | D:14     | Reached skill level 10 in Invocations
 29846 | D:14     | Found a gate to the Vaults.
 30145 | D:14     | Found an ancient bone altar of Kikubaaqudgha.
 30713 | D:14     | Gained mutation: You have a pair of horns on your head.
                  | [demonic ancestry]
 30713 | D:14     | Reached XP level 16. HP: 120/120 MP: 23/23
 31176 | D:15     | Noticed Kirke
 31185 | D:15     | Killed Kirke
 31260 | D:15     | Found Woimipp's Weapon Boutique.
 31462 | D:15     | Reached skill level 11 in Shields
 31833 | D:13     | Gained mutation: You are resistant to electric shocks.
                  | (rElec) [a neqoxec]
 31856 | D:13     | Killed RoboWizard's ghost
 31862 | D:13     | Gained mutation: Scrolls take you a little longer to read.
                  | [a neqoxec]
 32254 | Shoals:1 | Entered Level 1 of the Shoals
 33066 | Shoals:1 | Found Qiroshras's Armour Shop.
 33076 | Shoals:1 | Found Qyuzunt's Armour Emporium.
 33087 | Shoals:1 | Bought a +1 hat for 187 gold pieces
 34506 | Shoals:2 | Noticed a kraken
 34584 | Shoals:2 | Reached skill level 10 in Dodging
 34990 | Shoals:3 | Reached skill level 12 in Shields
 35392 | Shoals:3 | Noticed Ilsuiw
 35426 | Shoals:3 | Killed Ilsuiw
 35633 | Shoals:3 | Noticed Roxanne
 35648 | Shoals:3 | Killed Roxanne
 35651 | Shoals:3 | Identified Roxanne's Volume of Transmigration (You took it
                  | off Roxanne on level 3 of the Shoals)
 36155 | Shoals:4 | Entered Level 4 of the Shoals
 36430 | Shoals:4 | Gained mutation: You have claws for feet. [demonic
                  | ancestry]
 36430 | Shoals:4 | Reached XP level 17. HP: 97/127 MP: 26/26
 36459 | Shoals:4 | Reached skill level 10 in Fighting
 36868 | Shoals:4 | Identified the Tome of Conjuration
 37532 | Shoals:4 | Got a warped lead ring
 37534 | Shoals:4 | Identified the ring of Jig Usir {+Blink rPois Dex+4} (You
                  | found it on level 4 of the Shoals)
 37657 | Shoals:4 | Lost mutation: Scrolls take you a little longer to read.
                  | [potion of mutation]
 37657 | Shoals:4 | Lost mutation: Your muscles are strong. (Str +2) [potion of
                  | mutation]
 37657 | Shoals:4 | Gained mutation: Armour fits poorly on your strangely
                  | shaped body. [potion of mutation]
 37657 | Shoals:4 | Gained mutation: You are dopey. (Int -2) [potion of
                  | mutation]
 37657 | Shoals:4 | Gained mutation: You have claws for hands. [potion of
                  | mutation]
 37992 | Shoals:3 | Lost mutation: Armour fits poorly on your strangely shaped
                  | body. [potion of mutation]
 37992 | Shoals:3 | Lost mutation: You have claws for hands. [potion of
                  | mutation]
 37992 | Shoals:3 | Gained mutation: You have supernaturally acute eyesight.
                  | (SInv) [potion of mutation]
 37992 | Shoals:3 | Gained mutation: You are frail. (-10% HP) [potion of
                  | mutation]
 37992 | Shoals:3 | Lost mutation: You are frail. (-10% HP) [potion of
                  | mutation]
 37992 | Shoals:3 | Gained mutation: Your system is resistant to poisons.
                  | (rPois) [potion of mutation]
 38334 | Shoals:4 | HP: 4/128 [merfolk javelineer/javelin of penetration (14)]
 39118 | Shoals:4 | Got a barnacled rune of Zot
 39238 | Snake:1  | Entered Level 1 of the Snake Pit
 40184 | Snake:1  | Reached skill level 13 in Shields
 40353 | Snake:1  | Found Cihasets's Antique Weapon Shop.
 40353 | Snake:1  | Found Kunueqar's Antique Armour Boutique.
 40382 | Snake:1  | Bought a steaming broad axe for 207 gold pieces
 42270 | Snake:3  | Found a hazy altar of Hepliaklqana.
 42273 | Snake:3  | Noticed Asterion
 42293 | Snake:3  | Killed Asterion
 42623 | Snake:3  | Noticed Saint Roka
 44184 | Snake:3  | Banished Saint Roka
 44221 | Snake:4  | Entered Level 4 of the Snake Pit
 44304 | Snake:4  | Gained mutation: You have a pair of large horns on your
                  | head. [demonic ancestry]
 44304 | Snake:4  | Reached XP level 18. HP: 122/136 MP: 28/28
 45118 | Snake:4  | Corrupted Snake:4
 45118 | Snake:4  | Noticed a lich
 47262 | Snake:4  | Reached skill level 5 in Throwing
 47762 | Snake:4  | Got a serpentine rune of Zot
 47997 | Elf:1    | Entered Level 1 of the Elven Halls
 48009 | Elf:1    | Reached skill level 5 in Evocations
 48143 | Elf:1    | Found a runed gate.
 48144 | Elf:1    | Noticed Gearfox's ghost (journeyman MiBe)
 48144 | Elf:1    | Noticed RoboWizard's ghost (journeyman HOFi)
 48145 | Elf:1    | Found a runed gate.
 48145 | Elf:1    | Found a runed gate.
 48146 | Elf:1    | Noticed Gearfox's ghost (journeyman MiBe)
 48338 | Elf:1    | Found Cueckut's Assorted Antiques.
 48368 | Elf:1    | Bought a scroll of enchant armour for 292 gold pieces
 48456 | Elf:1    | Cast into level 2 of the Abyss (a deep elf sorcerer)
 48517 | Elf:1    | Escaped the Abyss
 49541 | Elf:1    | Killed Gearfox's ghost
 49543 | Elf:1    | Killed RoboWizard's ghost
 49552 | Elf:1    | Identified Kourr's Volume of Unholy Enchantment
 49597 | Elf:2    | Found Doluutywn's Distillery.
 49791 | Elf:2    | Corrupted Elf:2
 49791 | Elf:2    | Noticed a lich
 49858 | Elf:1    | Killed Gearfox's ghost
 50654 | Elf:2    | Bought a potion of curing for 48 gold pieces
 50654 | Elf:2    | Bought a potion of mutation for 128 gold pieces
 50654 | Elf:2    | Bought a potion of curing for 48 gold pieces
 50654 | Elf:2    | Found Woyf's Gadget Emporium.
 50669 | Elf:2    | Found Gyrph's Gadget Emporium.
 50670 | Elf:2    | Found Miut's Jewellery Boutique.
 50797 | Elf:2    | Reached skill level 14 in Shields
 51083 | Elf:2    | Learned a level 3 spell: Regeneration
 51180 | Elf:2    | Gained mutation: You have claws for hands. [demonic
                  | ancestry]
 51180 | Elf:2    | Reached XP level 19. HP: 120/143 MP: 29/29
 51185 | Elf:2    | Reached skill level 1 in Necromancy
 51441 | Elf:2    | Found a runed gate.
 51441 | Elf:2    | Found a runed gate.
 51441 | Elf:2    | Found a runed gate.
 52300 | Elf:2    | Reached skill level 1 in Charms
 52725 | Elf:3    | Entered Level 3 of the Elven Halls
 54696 | Elf:3    | Got an uncursed crude hand axe {speed}
 54698 | Elf:3    | Identified the +9 hand axe of Reapportionment {speed,
                  | Fragile rF+ rN++ Int+3} (You took it off a deep elf high
                  | priest on level 3 of the Elven Halls)
 55130 | Elf:3    | Got a glittering silver ring
 55132 | Elf:3    | Identified the ring "Veqyij" {rC+ MR+ Str+6 Stlth-} (You
                  | took it off a deep elf sorcerer on level 3 of the Elven
                  | Halls)
 55249 | Elf:3    | Identified the +2 leather armour of Instinct {rC+ Str+4}
                  | (You took it off a deep elf annihilator on level 3 of the
                  | Elven Halls)
 55804 | Elf:3    | Identified Peimuext's Compendium of Augmentations and Ice
 56162 | Vaults:1 | Entered Level 1 of the Vaults
 56175 | Vaults:1 | Gained mutation: You sometimes gain power by taking damage.
                  | [demonic ancestry]
 56175 | Vaults:1 | Reached XP level 20. HP: 131/151 MP: 30/30
 56575 | Vaults:1 | Reached skill level 1 in Translocations
 56975 | Vaults:1 | Reached skill level 5 in Necromancy
 57211 | Vaults:1 | Reached skill level 15 in Shields
 57596 | Vaults:1 | Identified the Reference Book on Curses and Flight
 57871 | Vaults:2 | Reached skill level 5 in Spellcasting
 58288 | Vaults:2 | Reached skill level 15 in Axes
 59057 | Vaults:2 | Found a staircase to the Crypt.
 59675 | Vaults:3 | Reached skill level 5 in Charms
 59759 | Vaults:3 | Reached XP level 21. HP: 134/159 MP: 31/31
 59778 | Vaults:3 | Found a magical portal.
 59790 | WizLab   | Entered The Hall of the Hellbinder
 59807 | WizLab   | Gained mutation: You are weak. (Str -2) [a neqoxec]
 59901 | WizLab   | Corrupted WizLab
 60210 | WizLab   | Found a burning altar of Makhleb.
 60218 | WizLab   | Noticed Tiadew
 60255 | WizLab   | Got a heavily runed brass ring
 60257 | WizLab   | Identified the ring of Taykut {Wiz MR+ Slay-5 SInv} (You
                  | found it in a wizard's laboratory)
 60277 | WizLab   | Banished Tiadew the Hellbinder
 60287 | WizLab   | Identified Aseasyn's Reference Book on Summoning
 60724 | Vaults:3 | Reached skill level 16 in Shields
 60792 | Vaults:3 | Learned a level 2 spell: Song of Slaying
 60795 | Vaults:3 | Learned a level 2 spell: Shroud of Golubria
 60800 | Vaults:3 | Learned a level 4 spell: Animate Dead
 61181 | Vaults:3 | Noticed Jory
 61199 | Vaults:3 | Killed Jory
 61379 | Vaults:3 | Found Ruzor's Book Shoppe.
 61581 | Vaults:3 | Found a runed gate.
 61581 | Vaults:3 | Found a runed gate.
 61581 | Vaults:3 | Found a runed gate.
 62051 | Vaults:3 | Noticed RoboWizard's ghost (adept MiFi)
 62051 | Vaults:3 | Noticed Tat Loefany's ghost (adept MiBe)
 62096 | Vaults:4 | Found Muesimu's Weapon Shop.
 62145 | Vaults:4 | Noticed Sojobo
 62155 | Vaults:4 | Corrupted Vaults:4
 62159 | Vaults:4 | Noticed a profane servitor
 62170 | Vaults:4 | Killed Sojobo
 62192 | Vaults:4 | Found a runed gate.
 62193 | Vaults:4 | Found an opulent altar of Gozag.
 62193 | Vaults:4 | Found Siahymov's Assorted Antiques.
 62194 | Vaults:4 | Found a runed gate.
 62194 | Vaults:4 | Found a runed gate.
 62194 | Vaults:4 | Noticed Tat Loefany's ghost (adept MiBe)
 62256 | Vaults:4 | Killed Tat Loefany's ghost
 63112 | Vaults:4 | Reached XP level 22. HP: 167/167 MP: 33/33
 63661 | Vaults:4 | Bought a scroll of acquirement for 1664 gold pieces
 63851 | Vaults:3 | Killed Tat Loefany's ghost
 63881 | Vaults:3 | Killed RoboWizard's ghost
 63881 | Vaults:3 | Reached skill level 17 in Shields
 64272 | Depths:1 | Entered Level 1 of the Depths
 64435 | Depths:1 | Found a gateway to Hell.
 64491 | Depths:1 | Learned a level 1 spell: Apportation
 64581 | Depths:1 | Reached skill level 5 in Stealth
 64836 | Depths:1 | Found Yskostri's Distillery.
 65271 | Depths:1 | Found the +7 sceptre of Torment
 65311 | Depths:1 | Identified the cursed +1 arbalest of the Hills {venom,
                  | +Blink +Inv MR+ Int+4} (You took it off a tengu warrior on
                  | level 1 of the Depths)
 65514 | Depths:2 | Noticed a caustic shrike
 65523 | Depths:2 | Banished a caustic shrike
 66070 | Depths:2 | Noticed an ancient lich
 66075 | Depths:2 | Noticed a golden dragon
 66404 | Crypt:1  | Entered Level 1 of the Crypt
 66408 | Crypt:1  | Noticed Khufu
 66416 | Crypt:1  | Noticed a greater mummy
 66435 | Vaults:2 | Killed Khufu
 66617 | Vaults:2 | Killed a greater mummy
 66750 | Crypt:1  | Noticed a greater mummy
 67026 | Crypt:1  | Reached skill level 5 in Translocations
 67215 | Crypt:1  | Noticed a greater mummy
 67218 | Crypt:1  | Killed a greater mummy
 67218 | Crypt:1  | Reached skill level 10 in Necromancy
 67362 | Crypt:1  | Killed a greater mummy
 67362 | Crypt:1  | Gained mutation: Your flesh is heat resistant. (rF+)
                  | [demonic ancestry]
 67362 | Crypt:1  | Reached XP level 23. HP: 154/172 MP: 32/36
 68718 | Vaults:5 | Entered Level 5 of the Vaults
 68719 | Vaults:5 | Corrupted Vaults:5
 69234 | Vaults:5 | Reached skill level 18 in Shields
 69429 | Vaults:5 | Noticed Mennas
 70041 | Depths:2 | Noticed a juggernaut
 70052 | Depths:2 | Got a scintillating platinum amulet
 70069 | Depths:2 | Killed a juggernaut
 70079 | Depths:2 | Identified the amulet "Oshrikk" {Inacc rPois Int+4 Dex+5}
                  | (You found it on level 2 of the Depths)
 70092 | Depths:2 | Identified the Tome of Assistive Beguiling
 70097 | Depths:2 | Identified the Guide on Sinister Secrets and Combat Magic
 70122 | Depths:2 | Noticed a caustic shrike
 70139 | Depths:2 | Killed a caustic shrike
 70277 | Depths:2 | Found a one-way gate to the infinite horrors of the Abyss.
 70533 | Depths:2 | Killed an ancient lich
 70533 | Depths:2 | Reached skill level 10 in Spellcasting
 70945 | Depths:3 | Found a one-way gate leading to the halls of Pandemonium.
 71141 | Depths:3 | Gained mutation: A powerful demonic guardian rushes to your
                  | aid. [demonic ancestry]
 71141 | Depths:3 | Reached XP level 24. HP: 159/182 MP: 37/37
 72333 | Orc:2    | Bought 2 potions of haste for 320 gold pieces
 73215 | Crypt:1  | Noticed Xtahua
 73242 | Crypt:1  | Killed Xtahua
 73403 | Crypt:1  | Learned a level 3 spell: Lesser Beckoning
 74097 | Crypt:2  | Identified the cursed +0 leather armour "Cypnacw" {rPois
                  | Dex+4} (You found it on level 2 of the Crypt)
 74188 | Crypt:3  | Entered Level 3 of the Crypt
 74208 | Crypt:3  | Reached skill level 19 in Shields
 74684 | Crypt:3  | Found an ancient bone altar of Kikubaaqudgha.
 75110 | Crypt:3  | Found the +3 giant club "Skullcrusher" {speed, Str+7}
 75253 | Crypt:3  | Identified the +2 robe of Follow the Leader {Dex+4} (You
                  | found it on level 3 of the Crypt)
 75367 | Crypt:3  | Found a staircase to the Tomb.
 75367 | Crypt:3  | Noticed a greater mummy
 75396 | Crypt:3  | Killed a greater mummy
 75501 | Crypt:3  | Identified the +4 chain mail of Hauch {rC+} (You found it
                  | on level 3 of the Crypt)
 76067 | Vaults:5 | Gained mutation: You are immune to clouds of flame.
                  | [demonic ancestry]
 76067 | Vaults:5 | Reached XP level 25. HP: 98/190 MP: 37/38
 76301 | Vaults:4 | Reached skill level 15 in Dodging
 76402 | Vaults:5 | HP: 9/190 [deep elf high priest/damnation (21)]
 76857 | Vaults:5 | Got a silver rune of Zot
 77401 | Vaults:5 | Got a smoking copper amulet
 77402 | Vaults:5 | Identified the amulet "Qaungax" {RegenMP rPois Str+5 Int-4
                  | Dex-4} (You found it on level 5 of the Vaults)
 77445 | Vaults:5 | Reached skill level 20 in Shields
 77729 | Vaults:5 | Identified the +2 leather armour "Botomn" {MR+} (You found
                  | it on level 5 of the Vaults)
 78400 | Depths:4 | Found a gateway to a ziggurat.
 78906 | Depths:4 | Identified the +1 broad axe "Iheofeom" {speed, Str+4} (You
                  | took it off an ogre mage on level 4 of the Depths)
 79450 | Depths:4 | Learned a level 3 spell: Recall
 79484 | Depths:5 | Entered Level 5 of the Depths
 79509 | Depths:5 | Found a flickering gateway to a bazaar.
 79527 | Bazaar   | Entered a bazaar
 79527 | Bazaar   | Found Curos's General Store.
 79540 | Bazaar   | Found Melavit's Weapon Shoppe.
 79550 | Bazaar   | Found Xigenara's Food Emporium.
 79551 | Bazaar   | Found Diri's Gadget Shoppe.
 79608 | Bazaar   | Bought a potion of magic for 64 gold pieces
 79608 | Bazaar   | Bought a ration for 40 gold pieces
 79629 | Bazaar   | Bought a ration for 45 gold pieces
 79629 | Bazaar   | Bought a ration for 45 gold pieces
 79629 | Bazaar   | Bought a ration for 45 gold pieces
 79629 | Bazaar   | Bought a ration for 45 gold pieces
 79629 | Bazaar   | Bought a ration for 45 gold pieces
 79629 | Bazaar   | Bought a ration for 45 gold pieces
 79629 | Bazaar   | Bought a ration for 45 gold pieces
 79629 | Bazaar   | Bought a ration for 45 gold pieces
 79629 | Bazaar   | Bought a ration for 45 gold pieces
 79629 | Bazaar   | Bought a ration for 45 gold pieces
 79629 | Bazaar   | Bought a ration for 45 gold pieces
 79637 | Bazaar   | Bought a wand of disintegration (10) for 182 gold pieces
 79637 | Bazaar   | Bought a wand of flame (33) for 227 gold pieces
 79654 | Bazaar   | Bought a scroll of fog for 16 gold pieces
 79726 | Depths:5 | Reached skill level 1 in Summonings
 80624 | Depths:5 | Gained mutation: You can hurl damnation. [demonic ancestry]
 80624 | Depths:5 | Reached XP level 26. HP: 153/198 MP: 27/39
 80633 | Depths:5 | Found a gate to the Realm of Zot.
 80648 | Zot:1    | Entered Level 1 of the Realm of Zot
 80749 | Zot:1    | Reached skill level 10 in Throwing
 81179 | Zot:1    | Killed from afar by a green draconian stormcaller

Skill      XL: |  1  2  3  4  5  6  7  8  9 10 11 12 13 14 15 16 17 18 19 20 21 22 23 24 25 26 |
---------------+-------------------------------------------------------------------------------+-----
Dodging        | 1 2 3 4 5 6 7 8 9 10 11 12 13 14 16 | 16.2
Axes           | 2 3 4 5 6 7 8 9 10 11 12 13 14 15 16 | 16.3
Armour         | 2 3 4 5 6 7 8 9 10 11 12 13 14 | 14.3
Stealth        | 1 2 3 4 5 6 |  6.1
Fighting       | 4 5 6 7 8 9 10 11 12 13 14 | 14.3
Polearms       | 1 4 6 7 |  7.9
Invocations    | 3 6 7 8 9 10 12 13 14 | 14.0
Maces & Flails | 2 3 4 |  4.5
Conjurations   | 1 |  1.8
Shields        | 2 6 8 9 10 12 13 14 15 16 17 18 19 20 | 20.7
Throwing       | 1 3 6 9 10 | 10.0
Spellcasting   | 1 4 6 7 9 10 11 12 | 12.3
Air Magic      | 1 |  1.0
Evocations     | 1 2 3 6 |  6.3
Necromancy     | 4 6 8 10 11 12 | 12.1
Charms         | 3 5 6 8 9 |  9.5
Translocations | 3 4 5 6 |  6.7
Summonings     | 2 |  2.7

Action                   |  1- 3 |  4- 6 |  7- 9 | 10-12 | 13-15 | 16-18 | 19-21 | 22-24 | 25-27 || total
-------------------------+-------+-------+-------+-------+-------+-------+-------+-------+-------++-------
Melee: Hand axe          |   113 |    44 |       |       |       |       |  1394 |  2470 |  1045 ||  5066
       Kick              |    16 |     9 |       |       |       |   339 |   740 |  1278 |   576 ||  2958
       War axe           |       |    88 |   141 |   194 |       |       |       |       |       ||   423
       Headbutt          |       |    33 |   106 |   172 |   196 |   354 |   483 |   826 |   368 ||  2538
       Spear             |       |    29 |   419 |   516 |       |       |       |       |       ||   964
       Great mace        |       |       |    32 |    24 |       |       |       |       |       ||    56
       Broad axe         |       |       |       |    67 |   758 |  1297 |   142 |       |       ||  2264
       Mace              |       |       |       |       |    13 |       |       |       |       ||    13
Throw: Javelin           |       |       |       |       |    21 |   251 |   324 |    77 |    43 ||   716
       Tomahawk          |       |       |       |       |     5 |    18 |       |       |       ||    23
 Cast: Shock             |       |       |       |    13 |       |       |       |       |       ||    13
       Regeneration      |       |       |       |       |       |       |    27 |   144 |    44 ||   215
       Song of Slaying   |       |       |       |       |       |       |     5 |    13 |     4 ||    22
       Shroud of Golubri |       |       |       |       |       |       |     3 |    45 |    19 ||    67
       Animate Dead      |       |       |       |       |       |       |     2 |    41 |    43 ||    86
       Blink             |       |       |       |       |       |       |     2 |    16 |     6 ||    24
       Apportation       |       |       |       |       |       |       |       |     1 |     1 ||     2
       Recall            |       |       |       |       |       |       |       |       |     2 ||     2
Invok: Depart the Abyss  |     1 |       |       |       |       |     1 |       |       |       ||     2
       Bend Space        |       |       |     1 |     1 |       |       |       |       |     2 ||     4
       Banish            |       |       |       |    14 |     1 |    17 |     2 |     9 |     4 ||    47
       Brand Weapon With |       |       |       |       |     1 |       |       |       |       ||     1
       Corrupt           |       |       |       |       |       |     2 |     2 |     1 |       ||     5
 Abil: Evoke Flight      |       |       |       |       |       |    10 |       |       |       ||    10
       Evoke Blink       |       |       |       |       |       |     1 |       |       |       ||     1
       Hurl Damnation    |       |       |       |       |       |       |       |       |     2 ||     2
Evoke: Wand              |       |       |       |    12 |    12 |    22 |     5 |     3 |     1 ||    55
  Use: Scroll            |       |       |    14 |    11 |    10 |    11 |    22 |    22 |     6 ||    96
       Potion            |       |       |    12 |     7 |     3 |    13 |     6 |     9 |       ||    50
 Stab: Distracted        |       |       |     1 |     4 |     2 |     9 |     8 |    30 |    14 ||    68
       Petrified         |       |       |       |       |       |     3 |       |       |       ||     3
       Invisible         |       |       |       |       |       |     8 |       |       |       ||     8
       Paralysed         |       |       |       |       |       |       |     4 |       |       ||     4
  Eat: Chunk             |     3 |     8 |    19 |    45 |    28 |    30 |    31 |    25 |    15 ||   204
       Ration            |       |       |       |     2 |       |    13 |     4 |    10 |     3 ||    32
Armor: Leather armour    |    28 |     1 |       |       |       |       |       |       |       ||    29
       Scale mail        |       |    69 |   219 |    18 |       |       |       |       |       ||   306
       Chain mail        |       |       |       |   242 |   209 |   300 |   106 |    76 |       ||   933
       Ring mail         |       |       |       |    21 |       |       |       |       |       ||    21
       Plate armour      |       |       |       |       |       |       |       |   274 |   136 ||   410
Dodge: Dodged            |    72 |    86 |   251 |   208 |   148 |   253 |   144 |   391 |   187 ||  1740
Block: Large shield      |       |       |       |   212 |   898 |  1666 |  1036 |  2527 |   954 ||  7293
       Reflection        |       |       |       |       |    27 |   207 |   117 |    64 |    77 ||   492
